 Dungeon Crawl Stone Soup version 0.31-a0-1183-gd88bbb8b4d (webtiles) character file.

Game seed: 9457887907805008422

476 qw the Shooter (level 7, -10/43 HPs)
             Began as a Gargoyle Hunter on Dec 11, 2023.
             Mangled by an iguana (11 damage)
             ... on level 4 of the Dungeon.
             The game lasted 00:01:05 (2430 turns).

qw the Shooter (Gargoyle Hunter)                    Turns: 2430, Time: 00:01:05

Health: -10/43     AC: 10    Str: 15    XL:     7   Next: 10%
Magic:  7/7        EV: 11    Int:  9    God:
Gold:   178        SH:  0    Dex: 21    Spells: 6/6 levels left

rFire   . . .        a - +0 shortbow (heavy)
rCold   . . .        (shield currently unavailable)
rNeg    + . .        b - +0 ring mail
rPois   inf          (no helmet)
rElec   +            (no cloak)
rCorr   .            (no gloves)
SInv    .            (no boots)
Will    .....        (no amulet)
Stlth   +            e - +6 ring of dexterity
HPRegen 0.27/turn    (no ring)
MPRegen 0.10/turn

%: no passive effects
@: no status effects
A: sickness immunity, AC +4, negative energy resistance 1, electricity
resistance, torment resistance 1, petrification resistance
a: no special abilities


You were on level 4 of the Dungeon.
You visited 1 branch of the dungeon, and saw 4 of its levels.

You collected 178 gold pieces.


Innate Abilities, Weirdness & Mutations

You are immune to sickness and miasma.
Your stone body is resilient. (AC +4)
You are immune to poison.
You resist negative energy. (rN+)
You are resistant to electric shocks. (rElec)
You are resistant to unholy torment.
You are immune to petrification.


   Skills:
 - Level 4.0 Fighting
 + Level 7.0 Ranged Weapons
 - Level 2.3 Armour
 - Level 2.1 Dodging
 - Level 1.1 Stealth


You had 6 spell levels left.
You didn't know any spells.
Your spell library was empty.

Inventory:

Hand Weapons
 a - a +0 heavy shortbow (weapon)
Armour
 b - a +0 ring mail (worn)
Jewellery
 e - a +6 ring of dexterity (left hand)
 i - a ring of fire
Potions
 h - 2 potions of curing
 n - a potion of might {unknown}

Dungeon Overview and Level Annotations

Branches:
Dungeon (4/15)
 Temple: D:4-7

Altars:
Qazlal
Zin


Message History

The arrow hits the orc priest.
The orc priest is moderately wounded.
The orc hits you with a +0 dagger.
The orc priest looks encouraged for a moment.
You shoot an arrow.
The arrow closely misses the orc priest.
The arrow hits the orc!!
You kill the orc!
The orc hits you but does no damage. The orc priest hits you with a +0 mace.
The orc hits you with a +0 dagger.
You shoot an arrow. The arrow barely misses the orc priest.
The orc hits you with a +0 dagger. Something hits you but does no damage.
The orc priest casts a cantrip, but nothing happens.
The orc priest barely misses you. The orc closely misses you.
Something hits you but does no damage.
You shoot an arrow.
The arrow closely misses the orc priest.
The orc closely misses you. Something hits you.
The orc priest hits you with a +0 mace. The iguana bites you.
The orc barely misses you. Something hits you but does no damage.
The orc priest mumbles some strange prayers to Beogh against you.
Pain shoots through your body!
You shoot an arrow. The arrow hits the orc priest!
The orc priest is severely wounded.
The iguana bites you. The orc closely misses you.
Something hits you but does no damage.
The orc priest hits you but does no damage.
You shoot an arrow. The arrow hits the orc priest.
The orc priest is almost dead.
The iguana bites you but does no damage.
The orc hits you but does no damage. Something hits you but does no damage.
The orc priest misses you.
You hear some strange, mumbled words.
A puff of flame appears from out of thin air!
The puff of flame hits you. The iguana bites you!
The orc priest closely misses you. The orc closely misses you.
You shoot an arrow. The arrow barely misses the orc priest.
The orc priest hits you with a +0 mace. The orc hits you but does no damage.
The iguana bites you!
You die...

.....###..#
#..........
#.)........
###..........
...%).......
#####..).......
#......{l......
#.o@o......
###..........
#...........) .
#............
....###.########...
#.....<.# ##
#.......#
#.........
.............


You could see an iguana, an orc priest and an orc.

Vanquished Creatures
  Sigmund (D:2)
  An ogre (D:4)
  A jelly (D:3)
  Jessica (D:3)
  7 gnolls (D:3)
  3 adders (D:2)
  2 worms (D:2)
  3 dart slugs
  7 orcs
  4 bats
  3 endoplasms
  3 giant cockroaches
  5 goblins
  5 hobgoblins
  5 jackals
  4 kobolds
  3 quokkas (D:1)
  6 ball pythons (D:1)
  5 frilled lizards
  10 rats
79 creatures vanquished.

Notes
Turn   | Place    | Note
-------+----------+-------------------------------------------
     0 | D:1      | qw the Gargoyle Hunter began the quest for the Orb.
     0 | D:1      | Reached XP level 1. HP: 12/12 MP: 1/1
     0 | D:1      | 0 ||| qw: Version: 0.3-a-106-g2cfff9e
     0 | D:1      | 0 ||| qw: Game counter: 2095
     0 | D:1      | 0 ||| qw: Melee chars always use a shield: true
     0 | D:1      | 0 ||| qw: God list: Okawaru
     0 | D:1      | 0 ||| qw: Allow faded altars: false
     0 | D:1      | 0 ||| qw: Do Orc after clearing Dungeon:15 true
     0 | D:1      | 0 ||| qw: Do second Lair branch before Depths: true
     0 | D:1      | 0 ||| qw: Lair rune preference: random
     0 | D:1      | 0 ||| qw: Goals: Normal, Save, Zot:1-4, Win
     0 | D:1      | 0 ||| PLANNING D:1-11
   118 | D:1      | Reached XP level 2. HP: 17/17 MP: 2/2
   556 | D:1      | Reached XP level 3. HP: 21/21 MP: 3/3
   578 | D:1      | Reached skill level 5 in Ranged Weapons
   947 | D:1      | Found a faded altar of an unknown god.
   948 | D:1      | 948 ||| UPGRADING to +6 ring of dexterity.
   949 | D:1      | 949 ||| READING scroll labelled NEPSAQ XOCUH.
  1050 | D:1      | 1050 ||| DROPPING scroll of butterflies.
  1211 | D:2      | Reached skill level 3 in Fighting
  1262 | D:2      | Reached XP level 4. HP: 28/28 MP: 4/4
  1384 | D:2      | Found a glowing silver altar of Zin.
  1481 | D:2      | Noticed Sigmund
  1486 | D:2      | Killed Sigmund
  1487 | D:2      | Reached skill level 6 in Ranged Weapons
  1487 | D:2      | Reached XP level 5. HP: 30/32 MP: 5/5
  1487 | D:2      | Reached XP level 6. HP: 35/37 MP: 6/6
  1646 | D:2      | 1646 ||| READING scroll labelled SESOOQO AQOB.
  1647 | D:2      | 1647 ||| READING scroll labelled YXKIEFIRUI.
  1748 | D:2      | 1748 ||| READING scroll labelled CATYBA UGRANUSEU.
  1748 | D:2      | 1748 ||| BRANDING +0 shortbow.
  1749 | D:2      | 1749 ||| READING scroll labelled VAUCHO BETAOHU.
  1750 | D:2      | 1750 ||| READING scroll labelled PUSOUSA KOVVI.
  1751 | D:2      | 1751 ||| READING scroll labelled COIXUNN TAMP.
  1752 | D:2      | 1752 ||| DRINKING 2 emerald potions.
  1770 | D:3      | Noticed Jessica
  1776 | D:3      | 1776 ||| STAIRDANCE
  1782 | D:3      | 1782 ||| STAIRDANCE
  1831 | D:3      | 1831 ||| Stepping ~*~*~tactically~*~*~ (retreating).
  1833 | D:3      | 1833 ||| Stepping ~*~*~tactically~*~*~ (retreating).
  1834 | D:3      | 1834 ||| Stepping ~*~*~tactically~*~*~ (retreating).
  1835 | D:3      | 1835 ||| Stepping ~*~*~tactically~*~*~ (retreating).
  1836 | D:3      | 1836 ||| Stepping ~*~*~tactically~*~*~ (retreating).
  1837 | D:3      | 1837 ||| Stepping ~*~*~tactically~*~*~ (retreating).
  1838 | D:3      | 1838 ||| Stepping ~*~*~tactically~*~*~ (retreating).
  1839 | D:3      | 1839 ||| Stepping ~*~*~tactically~*~*~ (retreating).
  1840 | D:3      | 1840 ||| Stepping ~*~*~tactically~*~*~ (retreating).
  1841 | D:3      | 1841 ||| Stepping ~*~*~tactically~*~*~ (retreating).
  1844 | D:3      | Killed Jessica
  1848 | D:3      | HP: 8/38 [gnoll/+0 spear (7)]
  1849 | D:3      | 1849 ||| DRINKING murky yellow potion.
  1850 | D:3      | 1850 ||| DRINKING glowing inky potion.
  2074 | D:3      | Found a stormy altar of Qazlal.
  2076 | D:3      | Noticed a fire elemental
  2076 | D:3      | Noticed a water elemental
  2076 | D:3      | Noticed an air elemental
  2264 | D:3      | 2264 ||| UPGRADING to +0 ring mail.
  2274 | D:3      | 2274 ||| DROPPING +0 leather armour.
  2275 | D:3      | 2275 ||| READING scroll labelled OFIWUA ZAKASHEAD.
  2275 | D:3      | 2275 ||| IDENTIFYING grey potion
  2276 | D:3      | 2276 ||| READING scroll labelled OHYRATT IGAZXO.
  2280 | D:3      | 2280 ||| DRINKING 2 black potions.
  2385 | D:3      | 2385 ||| DROPPING potion of attraction.
  2386 | D:3      | 2386 ||| DROPPING potion of berserk rage.
  2419 | D:4      | Reached XP level 7. HP: 43/43 MP: 7/7
  2423 | D:4      | Reached skill level 7 in Ranged Weapons
  2429 | D:4      | HP: 4/43 [iguana (9)]
  2430 | D:4      | HP: 1/43 [orc priest/+0 mace (3)]
  2430 | D:4      | Mangled by an iguana

Levels and vault maps discovered:
D:1:      psy_arrival_dodecagon, layout_basic,
          hellmonk_ecumenical_altar_inner_sanctum
D:2:      layout_loops_ring, basic_altar, uniq_sigmund
D:3:      layout_rooms, nicolae_qazlal_style_of_elements, uniq_jessica
D:4:      layout_rooms, minmay_misc_feat_encased,
          nicolae_concentric_dashed_squares_mild, uniq_duvessa

Skill      XL: |  1  2  3  4  5  6  7 |
---------------+----------------------+-----
Ranged Weapons | 5 6 7 |  7.0
Fighting       | 3 4 |  4.0
Dodging        | 2 |  2.1
Armour         | 2 |  2.3
Stealth        | |  1.1

Action                     |  1- 3 |  4- 6 |  7- 9 || total
---------------------------+-------+-------+-------++-------
   Fire: Shortbow          |   122 |   101 |    12 ||   235
    Use: Scroll            |     1 |     8 |       ||     9
         Potion            |       |     4 |       ||     4
 Armour: Leather armour    |    17 |    36 |       ||    53
         Ring mail         |       |       |    26 ||    26
  Dodge: Dodged            |    37 |    47 |    10 ||    94

Table legend:
 A = Non-vault XP
 B = Vault XP
 C = Vault XP percentage of total XP
 D = Non-vault monster count
 E = Vault monster count
 F = Vault count percentage of total count
                 A         B        C        D         E       F
            +---------+---------+-------+---------+---------+-------
      Total |     430 |     251 |  36.9 |      77 |       2 |   2.5
            +---------+---------+-------+---------+---------+-------
        D:1 |      50 |       0 |   0.0 |      31 |       0 |   0.0
        D:2 |      77 |     214 |  73.5 |      19 |       1 |   5.0
        D:3 |     174 |      37 |  17.5 |      23 |       1 |   4.2
        D:4 |     129 |       0 |   0.0 |       4 |       0 |   0.0
            +---------+---------+-------+---------+---------+-------
